 Dungeon Crawl Stone Soup version 0.23-a0-650-ga4d50d4 (webtiles) character file.

52582 Amnesiac the Spry (level 14, -28/81 HPs)
             Began as a Spriggan Berserker on Jan 2, 2019.
             Was the Champion of Trog (penitent).
             Killed from afar by a shock serpent (34 damage)
             ... with a bolt of electricity
             ... in a wizard's laboratory.
             The game lasted 01:05:30 (24373 turns).

Amnesiac the Spry (Spriggan Berserker)             Turns: 24373, Time: 01:05:31

Health: -28/81     AC:  4    Str: 17    XL:     14   Next: 27%
Magic:  13/13      EV: 30    Int: 10    God:    Trog [*]
Gold:   501        SH:  3    Dex: 15    Spells: 7/13 levels left

rFire    + . .     SeeInvis +   a - +9 quick blade (antimagic)
rCold    + . .     Gourm    .   (shield restricted)
rNeg     . . .     Faith    .   O - +2 robe {rC+ rF+}
rPois    .         Spirit   .   (helmet restricted)
rElec    .         Reflect  +   i - scarf {cloud immunity}
rCorr    .         Harm     .   (gloves unavailable)
MR       ++...                  (boots unavailable)
Stlth    ++++......             h - +3 amulet of reflection
HPRegen  0.23/turn              m - ring of magical power
MPRegen  0.13/turn              v - ring of magical power

@: very slightly contaminated, very quick
A: very small, unfitting armour, see invisible, herbivore, speed 3, slow
metabolism 2
a: Renounce Religion


You were in a wizard's laboratory.
You worshipped Trog.
Trog was demanding penance.
You were very full.

You visited 3 branches of the dungeon, and saw 14 of its levels.
You also visited: Ice Cave and Wizlab.

You collected 1501 gold pieces.
You spent 1000 gold pieces at shops.

Inventory:

Hand Weapons
 a - a +9 antimagic quick blade (weapon)
 b - a +0 blowgun
Missiles
 o - 10 tomahawks of returning (quivered)
 t - 43 tomahawks
 u - 7 curare-tipped needles
 w - 56 poisoned needles
Armour
 i - a scarf of cloud immunity (worn)
 M - a +0 troll leather armour
 O - a +2 robe of resistance (worn)
Jewellery
 h - a +3 amulet of reflection (around neck)
 m - a ring of magical power (left hand)
 v - a ring of magical power (right hand)
 x - an uncursed ring of positive energy
 H - an uncursed ring of stealth
 K - an uncursed ring of ice
Wands
 p - a wand of digging (3)
 y - a wand of disintegration (5)
 N - a wand of flame (28)
Scrolls
 d - 2 scrolls of magic mapping {!r}
 e - 2 scrolls of fear {!r}
 g - a scroll of identify {!r}
 k - 12 scrolls of teleportation {!r}
 l - 3 scrolls of enchant armour {!r}
 z - a scroll of vulnerability {!r}
 B - 4 scrolls of remove curse {!r}
 D - a scroll of random uselessness {!r, unknown}
 E - a scroll of brand weapon {!r, unknown}
 F - a scroll of summoning {!r}
 I - 2 scrolls of fog {!r}
 J - a scroll of enchant weapon {!r}
 L - a scroll of acquirement {!r, unknown}
 P - a scroll of noise {!r}
Potions
 c - a potion of lignification {!q}
 f - 2 potions of resistance {!q}
 j - a potion of mutation {!q}
 n - 4 potions of curing {!q}
 q - a potion of haste {!q}
 r - 2 potions of agility {!q}
 s - a potion of berserk rage {!q}
 A - a potion of brilliance {!q}
 C - 2 potions of might {!q}
Miscellaneous
 S - a phantom mirror
 T - a fan of gales
Comestibles
 R - 2 rations


   Skills:
 * Level 12.3 Fighting
 - Level 8.0 Short Blades
 + Level 11.8 Throwing
 + Level 4.7 Armour
 - Level 15.0 Dodging
 - Level 10.0 Stealth
 - Level 10.0 Evocations


You had 7 spell levels left.
You knew the following spells:

 Your Spells              Type           Power        Failure   Level  Hunger
a - Hydra Form            Tmut           #.........   100%        6    #######

Your spell library contained the following spells:

 Spells                   Type           Power        Failure   Level  Hunger
 Animate Skeleton         Necr           N/A          36%         1    ##.....
 Apportation              Tloc           #.....       36%         1    ##.....
 Confusing Touch          Hex            #.....       36%         1    ##.....
 Magic Dart               Conj           #...         36%         1    ##.....
 Summon Small Mammal      Summ           #...         36%         1    ##.....
 Blink                    Tloc           N/A          50%         2    ###....
 Call Imp                 Summ           #.......     50%         2    ###....
 Poisonous Vapours        Pois/Air       #.....       50%         2    ###....
 Slow                     Hex            #.......     50%         2    ###....
 Confuse                  Hex            #.......     75%         3    ####...
 Conjure Flame            Conj/Fire      #.......     75%         3    ####...
 Gell's Gravitas          Tloc           #.........   75%         3    ####...
 Mephitic Cloud           Conj/Pois/Air  #.......     75%         3    ####...
 Ice Form                 Ice/Tmut       #.......     98%         4    #####..
 Petrify                  Tmut/Erth      #.......     98%         4    #####..
 Irradiate                Conj/Tmut      #.........   100%        5    ######.
 Lightning Bolt           Conj/Air       #.........   100%        5    ######.
 Metabolic Englaciation   Hex/Ice        #.........   100%        5    ######.
 Silence                  Hex/Air        #.........   100%        5    ######.
 Summon Forest            Summ/Tloc      #.........   100%        5    ######.
 Yara's Violent Unravell  Hex/Tmut       #.........   100%        5    ######.
 Bolt of Cold             Conj/Ice       #.........   100%        6    #######
 Conjure Ball Lightning   Conj/Air       #.........   100%        6    #######
 Freezing Cloud           Conj/Ice/Air   #.........   100%        6    #######
 Ozocubu's Refrigeration  Ice            #.........   100%        6    #######
 Simulacrum               Ice/Necr       #.........   100%        6    #######
 Statue Form              Tmut/Erth      #........    100%        6    #######
 Dragon Form              Tmut           #.........   100%        7    #######


Dungeon Overview and Level Annotations

Branches:
Dungeon (11/15)            Temple (0/1) D:6            Lair (0/6) D:8
    Orc (2/2) D:11            Elf (1/3) Orc:2

Altars:
Dithmenos
Fedhas
Gozag
Hepliaklqana
Nemelex Xobeh
Okawaru
Qazlal
Ru
Sif Muna
Uskayaw
Vehumet
Wu Jian
Xom
Beogh

Shops:
D:7 =   D:8 [}*}[   D:11 **?[:   Orc:1 [   Orc:2 ?(!%

Annotations:
D:4 1 runed door, 1 exclusion, Lanoc's ghost, amateur GnWn


Innate Abilities, Weirdness & Mutations

You are very small and have problems with some larger weapons.
You are too small for most types of armour.
You have supernaturally acute eyesight. (SInv)
You are a herbivore.
You cover ground extremely quickly.
You need to consume almost no food.


Message History

The giant cockroach completely misses you.
You barely miss the spriggan air mage.
The spriggan air mage is severely wounded.
The spriggan air mage completely misses you.
You hit the spriggan air mage.
The spriggan air mage's magic leaks into the air.
The spriggan air mage is almost dead.
The giant cockroach completely misses you.
The giant cockroach bites you but does no damage.
You hit the spriggan air mage.
The spriggan air mage's magic leaks into the air.
The spriggan air mage is almost dead.
You hit the spriggan air mage.
The spriggan air mage's magic leaks into the air.
The spriggan air mage is almost dead.
You hit the spriggan air mage.
You kill the spriggan air mage!
Trog accepts your kill.
Trog appreciates your killing of a magic user.
The giant cockroach completely misses you. x2
You hit the giant cockroach.
You kill the giant cockroach!
That felt strangely unrewarding.
You hit the giant cockroach but do no damage.
You puncture the giant cockroach!
You kill the giant cockroach!
That felt strangely unrewarding.
You swing at nothing.
You see here a +0 robe.
You see here a death drake corpse.
You enter the shallow water.
Things that are here:
a +2 short sword of venom; a +5 antimagic short sword
There is an open door here.
Done exploring.
Done exploring.
Done exploring.
There is an open door here.
You see here a death drake corpse.
You enter the shallow water.
Magic restored.
The shock serpent is too close now for your liking.
The shock serpent hisses angrily.
The shock serpent shoots out a bolt of lightning at you!
The bolt of electricity hits you!
Okay, then.
Evoke which item? (* to show all) (? for menu, Esc to quit)
Aiming: Disintegrate
Press: ? - help, Shift-Dir - straight line, f - shock serpent
Aim: a shock serpent (chance to defeat MR: 80%)
The shock serpent is blasted.
The shock serpent's electric aura discharges, shocking you!
* * * LOW HITPOINT WARNING * * *
Evoke which item? (* to show all) (? for menu, Esc to quit)
Aiming: Disintegrate
Press: ? - help, Shift-Dir - straight line, f/p - shock serpent
Aim: a shock serpent (heavily wounded, chance to defeat MR: 80%)
The shock serpent barely resists.
The shock serpent shoots out a bolt of lightning at you!
The bolt of electricity hits you!
* * * LOW HITPOINT WARNING * * *
The shock serpent shoots out a bolt of lightning at you!
The bolt of electricity hits you!
You die...

..§§§......§§..#.....###≈≈≈≈≈..#≈
§§§........§§§§#..[..##≈≈≈≈≈≈.##≈
§§§........§§§§#.....##≈≈≈≈≈..#≈≈
§.#§.#..#..#§§########≈≈≈≈≈≈.##≈≈
############### ###≈≈≈≈≈≈≈..#≈≈≈
##################≈≈≈≈≈≈≈...##≈≈≈
≈≈≈≈≈≈≈≈≈≈≈≈≈≈≈≈≈≈≈≈≈≈≈....##≈≈≈≈
........................####≈≈≈≈≈
###############.@.....###≈≈≈≈≈≈≈≈
≈≈≈≈≈≈###≈≈≈≈≈##.......##≈≈≈≈≈≈≈≈
≈≈≈≈≈##.##≈≈≈≈≈##S.....§##≈≈≈≈≈≈≈
≈≈≈≈##§§.##≈≈≈≈≈##....§§§##≈≈≈≈≈≈
≈≈###§.§§.##≈≈≈≈###§.§§§..#≈≈≈≈≈≈
≈##..§.....##≈###§§.§.§.###≈≈≈≈≈≈
##..........###....§§§####≈≈≈≈
#....§.§...###§§§§§§###≈≈≈≈≈≈≈
#..§§§§##'#####...§.§#≈≈≈≈≈≈≈


You could see a shock serpent.

Vanquished Creatures
  Saint Roka (Orc:2)
  A very ugly thing (IceCv)
  A spark wasp (WizLab)
  An ettin (Orc:2)
  A blizzard demon (WizLab)
  Josephine (Orc:2)
  A ghost crab (WizLab)
  2 spriggan air magi (WizLab)
  5 two-headed ogres
  A queen ant (D:9)
  An ogre mage (Orc:1)
  Urug (Orc:1)
  4 orc high priests (Orc:2)
  Nergalle (D:10)
  2 death drakes (WizLab)
  A deep elf mage (Elf:1)
  An orb spider (Orc:2)
  3 orc knights (Orc:2)
  2 orc sorcerers (Orc:2)
  A cyclops (Orc:2)
  A centaur zombie (D:11)
  2 apocalypse crabs (WizLab)
  Psyche (D:10)
  2 ice statues (IceCv)
  2 anaconda simulacra (IceCv)
  4 trolls
  3 hornets (D:8)
  2 wind drakes (WizLab)
  5 hippogriffs
  8 air elementals (WizLab)
  A shadow (D:11)
  A tarantella (shapeshifter) (Orc:2)
  5 wraiths (Orc:2)
  15 yaks
  2 basilisks (D:8)
  2 hungry ghosts
  2 iron troll simulacra (IceCv)
  2 wargs
  2 hydra simulacra (IceCv)
  21 soldier ants
  A water moccasin (D:9)
  2 harpy simulacra (IceCv)
  4 porcupines
  50 orc warriors
  Duvessa (D:7)
  11 ice beasts
  An eye of draining (D:9)
  4 sky beasts
  A phantom (D:10)
  2 necrophages
  6 centaurs
  19 ogres
  2 crocodiles (D:8)
  2 big kobolds
  4 bullfrogs
  Dowan (D:7)
  A scorpion (D:11)
  A water moccasin skeleton (D:5)
  13 killer bees
  4 wights (D:11)
  8 electric eels
  2 crimson imps
  3 howler monkeys (D:10)
  2 bullfrog zombies
  5 hounds
  2 quasits
  A bullfrog skeleton (D:9)
  35 orc priests
  A centaur skeleton (D:5)
  A jelly (D:11)
  Ijyb (D:2)
  27 orc wizards
  4 iguanas
  26 worker ants
  A hound zombie (D:6)
  3 worker ant zombies
  2 howler monkey skeletons
  9 adders
  A shadow imp (D:5)
  An ooze (D:1)
  An adder skeleton (D:5)
  3 worms
  A dart slug (D:1)
  6 leopard geckos
  128 orcs
  9 giant cockroaches
  8 goblins
  11 hobgoblins
  14 jackals
  A quokka (D:11)
  7 bats
  6 frilled lizards
  27 kobolds
  A leopard gecko skeleton (D:3)
  9 rats
612 creatures vanquished.

Vanquished Creatures (collateral kills)
  A spark wasp (WizLab)
  2 blizzard demons (WizLab)
  A ghost crab (WizLab)
  A water elemental (Elf:1)
  An air elemental (WizLab)
6 creatures vanquished.

Vanquished Creatures (others)
  A Cloud Mage (WizLab)
  An orc knight (Orc:2)
  A wyvern (D:8)
  A bullfrog (D:7)
  A scorpion (D:8)
  A worker ant (D:8)
  4 fungi (D:8)
  7 plants
  A withered plant (D:4)
18 creatures vanquished.

Grand Total: 636 creatures vanquished

Notes
Turn   | Place    | Note
-------+----------+-------------------------------------------
     0 | D:1      | Amnesiac the Spriggan Berserker began the quest for the
                  | Orb.
     0 | D:1      | Reached XP level 1. HP: 11/11 MP: 2/2
   303 | D:1      | Reached XP level 2. HP: 12/16 MP: 3/3
   737 | D:1      | Reached skill level 5 in Dodging
   927 | D:1      | Reached XP level 3. HP: 17/19 MP: 4/4
  1127 | D:1      | Reached ** piety under Trog
  1332 | D:2      | Found a shimmering altar of Xom.
  1334 | D:2      | Found a shimmering altar of Xom.
  1334 | D:2      | Found a shimmering altar of Xom.
  1886 | D:3      | Noticed Ijyb
  1895 | D:2      | Killed Ijyb
  1895 | D:2      | Reached skill level 5 in Short Blades
  1895 | D:2      | Reached XP level 4. HP: 23/23 MP: 5/5
  1969 | D:3      | Found a shadowy altar of Dithmenos.
  2491 | D:3      | Reached skill level 1 in Evocations
  2587 | D:3      | Reached *** piety under Trog
  2786 | D:3      | Reached XP level 5. HP: 22/27 MP: 5/7
  3023 | D:4      | Found an iron altar of Okawaru.
  3066 | D:4      | Found a runed door.
  3067 | D:4      | Noticed Lanoc's ghost (amateur GnWn)
  3074 | D:4      | Reached skill level 6 in Dodging
  3308 | D:4      | Reached XP level 6. HP: 16/32 MP: 8/8
  3591 | D:4      | Reached **** piety under Trog
  4170 | D:4      | Found a hide-covered altar of Uskayaw.
  4171 | D:4      | Noticed a +0 dagger
  4171 | D:4      | Noticed a +0 hand axe
  4404 | D:5      | Entered Level 5 of the Dungeon
  4430 | D:5      | Got a bone falchion
  4431 | D:5      | Identified the cursed +2 falchion "Orb Guardian's Doom"
                  | {slice, *Noise rC- Int+4 Dex+5} (You found it on level 5 of
                  | the Dungeon)
  4670 | D:5      | Reached skill level 7 in Dodging
  4670 | D:5      | Reached XP level 7. HP: 35/35 MP: 10/10
  4723 | D:5      | Found a radiant altar of Vehumet.
  4723 | D:5      | Found an ornate altar of the Wu Jian Council.
  4724 | D:5      | Found a sparkling altar of Nemelex Xobeh.
  5699 | D:6      | Reached skill level 8 in Dodging
  5701 | D:6      | Reached skill level 5 in Evocations
  5704 | D:6      | Reached XP level 8. HP: 9/39 MP: 12/12
  6121 | D:6      | Found a staircase to the Ecumenical Temple.
  6183 | D:7      | Found Beebrah's Jewellery Shoppe.
  6409 | D:7      | Found a sacrificial altar of Ru.
  6409 | D:7      | Found a stormy altar of Qazlal.
  6409 | D:7      | Found a blossoming altar of Fedhas.
  6409 | D:7      | Found a hazy altar of Hepliaklqana.
  6444 | D:7      | Noticed Dowan
  6455 | D:7      | Killed Dowan
  6483 | D:7      | Noticed Duvessa
  6648 | D:7      | Noticed a hippogriff
  6662 | D:7      | Killed a hippogriff
  6662 | D:7      | Reached skill level 9 in Dodging
  6802 | D:6      | Reached XP level 9. HP: 27/45 MP: 16/16
  7253 | D:7      | Killed Duvessa
  7286 | D:7      | Found Beebrah's Jewellery Shoppe.
  7294 | D:7      | Reached ***** piety under Trog
  7294 | D:7      | Reached skill level 10 in Dodging
  7504 | D:7      | Found a hazy altar of Hepliaklqana.
  7505 | D:7      | Found a stormy altar of Qazlal.
  7506 | D:7      | Found a sacrificial altar of Ru.
  7510 | D:7      | Found a blossoming altar of Fedhas.
  7837 | D:8      | Found an opulent altar of Gozag.
  7843 | D:8      | Reached skill level 5 in Fighting
  7867 | D:8      | Found a shimmering altar of Xom.
  7870 | D:8      | Found Muock's Antique Armour Shop.
  7907 | D:8      | Reached skill level 11 in Dodging
  8484 | D:8      | Found Fofira's Armour Boutique.
  8497 | D:8      | Reached skill level 12 in Dodging
  8552 | D:8      | Received a gift from Trog
  8646 | D:8      | Reached XP level 10. HP: 24/53 MP: 14/17
  8668 | D:7      | Reached skill level 13 in Dodging
  9160 | D:8      | Found a staircase to the Lair.
  9351 | D:8      | Reached skill level 14 in Dodging
  9622 | D:8      | Found Dul Gox's Gadget Shoppe.
  9626 | D:8      | Found Eveocw's Assorted Antiques.
  9634 | D:8      | Found Utichy's Gadget Shoppe.
  9652 | D:8      | Bought a short silver wand for 108 gold pieces
  9652 | D:8      | Bought a white potion for 24 gold pieces
  9879 | D:8      | Reached skill level 5 in Stealth
 10514 | D:9      | Identified the Incunabulum of the Bewitching Traveller
 10549 | D:9      | Noticed a queen ant
 10623 | D:9      | Reached skill level 1 in Throwing
 10684 | D:9      | HP: 2/53 [worker ant (4)]
 11294 | D:9      | Reached XP level 11. HP: 47/58 MP: 18/18
 11998 | D:9      | Killed a queen ant
 12658 | D:9      | Found a deep blue altar of Sif Muna.
 12736 | D:10     | Entered Level 10 of the Dungeon
 12814 | D:10     | Reached skill level 10 in Stealth
 12831 | D:10     | Noticed Nergalle
 12893 | D:10     | Killed Nergalle
 13440 | D:10     | Received a gift from Trog
 13680 | D:10     | Reached skill level 15 in Dodging
 13775 | D:10     | Noticed Psyche
 13781 | D:10     | Killed Psyche
 13781 | D:10     | Reached skill level 10 in Evocations
 14174 | D:11     | Noticed a two-headed ogre
 14209 | D:11     | Killed a two-headed ogre
 14466 | D:11     | Found a staircase to the Orcish Mines.
 14495 | D:11     | Found Vanemnovua's Armour Emporium.
 14507 | D:11     | Found Edaceh's Book Shop.
 14692 | D:11     | Reached skill level 5 in Throwing
 14787 | D:11     | Found Exzufum's Assorted Antiques.
 14818 | D:11     | Reached XP level 12. HP: 38/65 MP: 20/20
 15140 | D:11     | Bought a scroll labeled SUOWYNWEIPNAG for 25 gold pieces
 15140 | D:11     | Bought a dented soapstone amulet for 125 gold pieces
 15140 | D:11     | Bought a wooden wand for 100 gold pieces
 15140 | D:11     | Bought a runed robe for 92 gold pieces
 15454 | D:11     | Found Holo's Magic Scroll Shop.
 15637 | D:11     | Found Bulyecw's Assorted Antiques.
 15642 | D:11     | Bought a yellow potion for 18 gold pieces
 15895 | D:11     | Noticed a two-headed ogre
 15902 | D:11     | Killed a two-headed ogre
 16052 | Orc:1    | Entered Level 1 of the Orcish Mines
 16052 | Orc:1    | Found Vaixzuff's Antique Armour Shop.
 16151 | Orc:2    | Entered Level 2 of the Orcish Mines
 16294 | Orc:1    | Reached ****** piety under Trog
 16294 | Orc:1    | Received a gift from Trog
 16379 | Orc:2    | Noticed a two-headed ogre
 16382 | Orc:2    | a two-headed ogre changed into a cyclops
 16639 | Orc:1    | Noticed a two-headed ogre
 16639 | Orc:1    | Noticed an ogre mage
 16639 | Orc:1    | Noticed a two-headed ogre
 16639 | Orc:1    | Noticed a two-headed ogre
 16669 | Orc:2    | Killed a two-headed ogre
 16669 | Orc:2    | Reached skill level 10 in Fighting
 17419 | Orc:2    | Found Jodiluut's Magic Scroll Emporium.
 17828 | Orc:2    | Found a staircase to the Elven Halls.
 17883 | Orc:2    | Noticed an ettin
 17883 | Orc:2    | an orc sorcerer changed into an ettin
 17937 | Orc:2    | Killed an ettin
 18064 | Orc:2    | Noticed an orc high priest
 18208 | Orc:2    | Noticed Josephine
 18401 | Orc:2    | Killed Josephine
 18401 | Orc:2    | Reached skill level 10 in Throwing
 18563 | Orc:2    | Noticed Saint Roka
 18624 | Orc:2    | Received a gift from Trog
 18631 | Orc:1    | Noticed Urug
 18793 | Orc:1    | Killed a two-headed ogre
 18793 | Orc:1    | Reached XP level 13. HP: 44/72 MP: 21/21
 18825 | Orc:1    | Reached skill level 1 in Armour
 18924 | Orc:1    | Killed Urug
 19392 | Orc:2    | Bought 2 scrolls of fog for 56 gold pieces
 19402 | Orc:2    | Found a roughly hewn altar of Beogh.
 19462 | Orc:2    | Found Dealun's Antique Weapon Shoppe.
 19543 | Orc:2    | Bought a scroll of fear for 49 gold pieces
 19921 | Orc:2    | Killed Saint Roka
 20132 | Orc:2    | Found a roughly hewn altar of Beogh.
 20232 | Orc:2    | Found Etuus's Food Emporium.
 20510 | Orc:2    | Found Dowedgh's Distillery.
 20534 | Orc:2    | Bought a potion of haste for 130 gold pieces
 20534 | Orc:2    | Bought a potion of heal wounds for 65 gold pieces
 20534 | Orc:2    | Bought a potion of curing for 39 gold pieces
 20534 | Orc:2    | Bought a potion of curing for 39 gold pieces
 20534 | Orc:2    | Bought 2 potions of curing for 78 gold pieces
 20534 | Orc:2    | Bought a potion of agility for 52 gold pieces
 20936 | Elf:1    | Entered Level 1 of the Elven Halls
 20979 | Elf:1    | Found a frozen archway.
 20988 | IceCv    | Entered an ice cave
 21002 | IceCv    | Noticed a white very ugly thing
 21141 | IceCv    | Killed a white very ugly thing
 21154 | IceCv    | Received a gift from Trog
 21333 | IceCv    | Noticed a white very ugly thing
 21402 | IceCv    | HP: 2/74 [white very ugly thing (15)]
 21510 | Elf:1    | Found a magical portal.
 21519 | WizLab   | Entered The Chambers of the Cloud Mage
 21768 | WizLab   | Noticed a spark wasp
 21793 | WizLab   | Killed a spark wasp
 22317 | WizLab   | Noticed a blizzard demon
 22473 | WizLab   | Killed a blizzard demon
 22473 | WizLab   | Reached XP level 14. HP: 28/79 MP: 7/22
 22924 | WizLab   | HP: 1/80 [air elemental/tornado (8)]
 23218 | WizLab   | HP: 3/80 [air elemental (12)]
 24005 | WizLab   | Identified the ring of Ceasiy {rElec EV+5 Stlth+}
 24005 | WizLab   | Noticed Zavu
 24052 | WizLab   | Killed Zavu the Cloud Mage
 24163 | WizLab   | Identified the Guide on the Birds
 24233 | WizLab   | Was placed under penance by Trog
 24240 | WizLab   | Learned a level 6 spell: Hydra Form
 24373 | WizLab   | Killed from afar by a shock serpent

Vault maps used:
D:1:      lightli_arrival_lavapool, serial_forest, infiniplex_forest_lined_2,
          infiniplex_forest_end_2, infiniplex_forest_lined_room_3,
          infiniplex_forest_clump_diagonal, infiniplex_forest_diagonal,
          infiniplex_forest_lined_ring, infiniplex_forest_clump_small
D:2:      serial_forest, infiniplex_forest_corner_1, infiniplex_forest_corner_1,
          infiniplex_forest_clump_tiny, infiniplex_forest_clump_C,
          infiniplex_forest_lined_3, infiniplex_forest_lined_2,
          infiniplex_forest_lined_corner, xom_redecorated
D:3:      grunt_dithmenos_smoke_and_mirrors, nrook_mini_backslash, uniq_ijyb
D:4:      kennysheep_kobold_camp, dancing_weapons_uskayaw,
          okawaru_ov_weapons_minmay, gammafunk_ghost_grave, first_ration
D:5:      gammafunk_temple_overflow_claw
D:6:      cheibrodos_two_vegetables, temple_green
D:7:      chequers_temple_overflow_statue_of_worship, serial_shops, shop,
          uniq_duvessa
D:8:      overflow_temple_1_default, overflow_temple_1_default,
          minmay_lair_entry_grove, serial_shops, shop, shop,
          nicolae_shop_behind_doors,
          nicolae_shop_temple_entry_statues_fountains,
          nicolae_shop_behind_doors, hangedman_pestilent_swarm,
          lemuel_flamethrower_2
D:9:      tgw_sif, minivault_29
D:10:     uniq_nergalle, uniq_psyche
D:11:     erik_orc_2, serial_shops, nicolae_shop_stone, nicolae_shop_trees,
          kennysheep_mini, nicolae_shop_trees, nicolae_shop_behind_doors
Orc:1:    serial_shops, shop, uniq_urug
Orc:2:    pubby_orc_utopia, serial_shops, uniq_josephine
Elf:1:    elf_arrival_002, mu_enter_wizlab_5, portal_ice_cave_entry_pillars_2,
          hangedman_elf_represent
IceCv:    ice_cave_statue_garden_chambered
WizLab:   wizlab_cloud

Skill      XL: |  1  2  3  4  5  6  7  8  9 10 11 12 13 14 |
---------------+-------------------------------------------+-----
Short Blades   | 4 5 6 7 8 |  8.0
Dodging        | 5 6 7 8 9 12 14 15 | 15.0
Evocations     | 1 2 3 5 8 10 | 10.0
Fighting       | 4 6 8 10 11 12 | 12.3
Stealth        | 9 10 | 10.0
Throwing       | 2 5 10 11 | 11.8
Armour         | 4 |  4.7

Action                   |  1- 3 |  4- 6 |  7- 9 | 10-12 | 13-15 || total
-------------------------+-------+-------+-------+-------+-------++-------
Melee: Short sword       |   173 |   230 |   158 |  1449 |   327 ||  2337
       Falchion          |       |    17 |   124 |       |       ||   141
       Quick blade       |       |       |       |       |   253 ||   253
 Fire: Blowgun           |       |       |       |       |    75 ||    75
Throw: Tomahawk          |       |       |       |       |   157 ||   157
 Cast: Hydra Form        |       |       |       |       |     1 ||     1
Invok: Berserk           |     1 |     2 |     2 |     1 |     3 ||     9
Evoke: Wand              |       |       |    28 |    49 |    15 ||    92
       Box of beasts     |       |       |       |       |     5 ||     5
  Use: Scroll            |     6 |     7 |     3 |    10 |     4 ||    30
       Potion            |     1 |       |     1 |     9 |    13 ||    24
 Stab: Sleeping          |     2 |       |     2 |    44 |     4 ||    52
       Distracted        |       |       |       |     5 |     3 ||     8
       Paralysed         |       |       |       |       |     3 ||     3
  Eat: Ration            |       |     5 |       |    10 |     6 ||    21
Armor: Animal skin       |     7 |    17 |    10 |    10 |       ||    44
       Skin              |       |       |       |   128 |       ||   128
       Robe              |       |       |       |    10 |    20 ||    30
       Troll leather arm |       |       |       |     4 |     5 ||     9
Dodge: Dodged            |    85 |   170 |   236 |   931 |   455 ||  1877
Block: Other             |     1 |    26 |    27 |   123 |    43 ||   220
       Reflection        |       |       |       |     2 |     2 ||     4
       Rpst.: Falchion   |       |     4 |    38 |       |       ||    42

Table legend:
 A = Non-vault XP
 B = Vault XP
 C = Vault XP percentage of total XP
 D = Non-vault monster count
 E = Vault monster count
 F = Vault count percentage of total count
                 A         B        C        D         E       F
            +---------+---------+-------+---------+---------+-------
      Total |   21240 |   53878 |  71.7 |     315 |     304 |  49.1
            +---------+---------+-------+---------+---------+-------
        D:1 |      46 |       0 |   0.0 |      24 |       0 |   0.0
        D:2 |      38 |      36 |  48.6 |      17 |       1 |   5.6
        D:3 |      98 |       0 |   0.0 |      26 |       0 |   0.0
        D:4 |     231 |     122 |  34.6 |      17 |      21 |  55.3
        D:5 |     405 |       0 |   0.0 |      15 |       0 |   0.0
        D:6 |     356 |     338 |  48.7 |      13 |       8 |  38.1
        D:7 |    1561 |     406 |  20.6 |      20 |       3 |  13.0
        D:8 |    1613 |    2413 |  59.9 |      32 |      15 |  31.9
        D:9 |    2646 |    4687 |  63.9 |      38 |      41 |  51.9
       D:10 |    2570 |    1274 |  33.1 |      31 |       2 |   6.1
       D:11 |    5597 |     923 |  14.2 |      40 |      21 |  34.4
      Orc:1 |    4108 |    1293 |  23.9 |      31 |      10 |  24.4
      Orc:2 |    1466 |   23849 |  94.2 |       9 |     140 |  94.0
      Elf:1 |     505 |       0 |   0.0 |       2 |       0 |   0.0
      IceCv |       0 |    4706 | 100.0 |       0 |      17 | 100.0
     WizLab |       0 |   13831 | 100.0 |       0 |      25 | 100.0
            +---------+---------+-------+---------+---------+-------
